 Dungeon Crawl Stone Soup version 0.18-a0-1747-g18c4181 (webtiles) character file.

633 dobroeutro the Shield-Bearer (level 7, 0/44 HPs)
             Began as a Gargoyle Fighter on Apr 12, 2016.
             Was an Initiate of Okawaru.
             Slain by Duvessa
             ... wielding a +3 short sword of speed
              (5 damage)
             ... on level 5 of the Dungeon.
             The game lasted 00:06:33 (3311 turns).

dobroeutro the Shield-Bearer (Gargoyle Fighter)     Turns: 3311, Time: 00:06:33

Health: 0/44       AC: 14    Str: 20    XL:     7   Next: 49%
Magic:  0/7        EV:  8    Int:  9    God:    Okawaru [......]
Gold:   237        SH: 10    Dex: 10    Spells: 0 memorised, 6 levels left

rFire  . . .     SeeInvis .     i - +1 spear (venom)
rCold  . . .     Gourm    .     b - +0 scale mail
rNeg   + + .     Faith    .     c - +0 shield
rPois  ∞         Spirit   +     y - +2 hat
rElec  +         Dismiss  .     (no cloak)
rCorr  +         Reflect  .     (no gloves)
SustAt .         Harm     .     (no boots)
MR     .....                    l - amulet of guardian spirit
Stlth  ..........               C - ring of resist corrosion
                                F - ring of positive energy

@: flying (expiring), not resistant to hostile enchantments, extremely
unstealthy
A: negative energy resistance 1, electricity resistance, unbreathing,
petrification resistance, rot immunity, AC +4
a: Renounce Religion


You were on level 5 of the Dungeon.
You worshipped Okawaru.
Okawaru was noncommittal.
You were not hungry.

You visited 1 branch of the dungeon, and saw 5 of its levels.

You collected 237 gold pieces.

Inventory:

Hand Weapons
 a - a +0 flail
 i - a +1 spear of venom (weapon)
Missiles
 D - 3 poisoned tomahawks (quivered)
Armour
 b - a +0 scale mail (worn)
 c - a +0 shield (worn)
 y - a +2 hat (worn)
Jewellery
 l - an amulet of guardian spirit (around neck)
 r - an uncursed ring of fire
 C - a ring of resist corrosion (right hand)
 F - a ring of positive energy (left hand)
Scrolls
 e - a scroll of recharging {unknown}
 g - 6 scrolls of identify {unknown}
 j - 2 scrolls of enchant weapon {unknown}
 k - 6 scrolls of remove curse
 n - 3 scrolls of magic mapping {unknown}
 s - 2 scrolls of noise {unknown}
 w - a scroll of enchant armour {unknown}
 z - a scroll of fog {unknown}
 A - a scroll of random uselessness {unknown}
 B - 2 scrolls of teleportation {unknown}
 H - a scroll of torment {unknown}
Potions
 d - 2 potions of might
 o - 3 potions of haste {unknown}
 p - 3 potions of mutation {unknown}
 q - 2 potions of cancellation
 t - a potion of ambrosia {unknown}
 u - 2 potions of flight
 x - a potion of heal wounds {unknown}
 E - a potion of lignification {unknown}
Books
 v - a book of the Warp

   Spells                             Type                      Level
   a - Recall                         Summoning/Translocation      3
   b - Gell's Gravitas                Hexes/Translocation          3
   c - Force Lance                    Conjuration/Translocation    4
   d - Warp Weapon                    Charms/Translocation         5
   e - Summon Forest                  Summoning/Translocation      5
Comestibles
 f - 5 bread rations
 h - 3 slices of pizza
 m - 2 meat rations


   Skills:
 + Level 5.1 Fighting
 + Level 2.5 Maces & Flails
 + Level 5.2 Armour
 - Level 0.1 Dodging
 + Level 6.9 Shields


You had 6 spell levels left.
You didn't know any spells.

Dungeon Overview and Level Annotations

Branches:
Dungeon (5/15)             Temple (0/1) D:5

Altars:
Ashenzari
Gozag
Makhleb
Okawaru
Xom
The Shining One

Annotations:
D:5 Duvessa


Innate Abilities, Weirdness & Mutations

You are resistant to torment.
Your stone body is resilient (AC +4).
You are immune to poison.
You resist negative energy.
You are resistant to electric shocks.
You can survive without breathing.
You are immune to petrification.
You are immune to rotting.


Message History

You block Duvessa's attack.
You hit Duvessa.
Duvessa is lightly wounded.
Duvessa hits you with a short sword of speed.
* * * LOW HITPOINT WARNING * * *
You block Duvessa's attack.
Drink which item? (? for menu, Esc to quit)
It was a potion of flight.
You feel very buoyant.
You fly up into the air.
Duvessa hits you with a short sword of speed!
* * * LOW HITPOINT WARNING * * *
Duvessa hits you with a short sword of speed.
* * * LOW HITPOINT WARNING * * *
Drink which item? (? for menu, Esc to quit)
It was a potion of cancellation.
Your magical effects are unravelling.
You feel magically purged. Duvessa hits you but does no damage.
Duvessa hits you with a short sword of speed.
You die...

######### #.......#
#.#####.# ###.#####.#
#......##.# ######
#.#.##.##.#####.....
####.#.......##......#.
#.......#.#####.##.#.#>
#.....@.#.#####.##.#.#.
#..#.##e#..........#.#.
#..#.# .#######.####.#.
#..#.# .# #####.(......
#..#.# .# #.....##.##..
#....) .# #.....##.##.#
#..... .# #.........#.#
#..... .# #.....)......
#.##.## #.....>......


You could see Duvessa (berserk).

Vanquished Creatures
  A centaur (D:5)
  The ghost of dobroeutro the Covered, an amateur GrFi (D:3)
  Dowan (D:5)
  A crimson imp (D:5)
  A centaur skeleton (D:4)
  A giant frog skeleton (D:4)
  2 orc wizards
  An iguana (D:4)
  Natasha (thrice) (D:2)
  A worker ant (D:5)
  4 adders
  3 gnolls (D:5)
  An adder skeleton (D:5)
  3 worms
  A dart slug (D:2)
  2 giant geckos
  6 orcs
  3 bats (D:1)
  3 giant cockroaches
  4 goblins (D:3)
  8 hobgoblins
  15 jackals
  5 giant newts
  3 kobolds
  A quokka skeleton (D:4)
  8 rats
83 creatures vanquished.

Notes
Turn   | Place    | Note
--------------------------------------------------------------
     0 | D:1      | dobroeutro the Gargoyle Fighter began the quest for the Orb.
     0 | D:1      | Reached XP level 1. HP: 14/14 MP: 1/1
   164 | D:1      | Reached XP level 2. HP: 19/19 MP: 2/2
   652 | D:2      | Reached skill level 4 in Shields
   659 | D:2      | Noticed Natasha
   665 | D:2      | Killed Natasha
   665 | D:2      | Reached XP level 3. HP: 17/23 MP: 3/3
   685 | D:2      | Reached XP level 4. HP: 23/28 MP: 4/4
   751 | D:2      | Noticed Natasha
   756 | D:2      | Killed Natasha
   794 | D:2      | You fall through a shaft for 2 floors!
   808 | D:4      | Reached XP level 5. HP: 24/33 MP: 5/5
   828 | D:4      | Found a burning altar of Makhleb.
   941 | D:4      | Found a shimmering altar of Xom.
  1000 | D:4      | Reached skill level 5 in Shields
  1351 | D:4      | Found an opulent altar of Gozag.
  1586 | D:5      | Entered Level 5 of the Dungeon
  1633 | D:3      | Noticed dobroeutro's ghost (amateur GrFi)
  1930 | D:3      | Found a shattered altar of Ashenzari.
  1941 | D:3      | Reached XP level 6. HP: 37/39 MP: 6/6
  2038 | D:3      | Killed dobroeutro's ghost
  2123 | D:3      | Found an iron altar of Okawaru.
  2129 | D:3      | Became a worshipper of Warmaster Okawaru
  2221 | D:3      | Found a glowing golden altar of the Shining One.
  2717 | D:2      | Noticed Natasha
  2720 | D:2      | Killed Natasha
  2720 | D:2      | Reached skill level 6 in Shields
  3071 | D:5      | Reached skill level 5 in Fighting
  3071 | D:5      | Reached skill level 5 in Armour
  3071 | D:5      | Reached XP level 7. HP: 34/44 MP: 4/7
  3112 | D:5      | Found a staircase to the Ecumenical Temple.
  3272 | D:5      | Noticed Dowan
  3294 | D:5      | Killed Dowan
  3301 | D:5      | Noticed Duvessa
  3311 | D:5      | Slain by Duvessa

Vault maps used:
D:1:      minmay_arrival_pointy, minmay_misc_feat_square
D:2:      uniq_natasha
D:3:      marbit_many_paths, ashenzari_altar_1, nicolae_tso_carved_into_rock
D:4:      kennysheep_little_box, bloody_makhleb, first_bread,
          grunt_gozag_statues
D:5:      temple_green, uniq_duvessa

Skill      XL: |  1  2  3  4  5  6 |
---------------+-------------------+-----
Shields        | 4 5 6 |  6.9
Fighting       | 4 5 |  5.1
Armour         | 4 5 |  5.2
Maces & Flails | |  2.5
Dodging        | |  0.1

Action                   |  1- 3 |  4- 6 |  7- 9 || total
-------------------------+-------+-------+-------++-------
Melee: Flail             |    24 |       |       ||    24
       Spear             |    43 |   282 |    72 ||   397
  Use: Scroll            |       |     1 |       ||     1
       Potion            |       |       |     2 ||     2
  Eat: Chunk             |       |     5 |     2 ||     7
       Beef jerky        |       |     1 |       ||     1
Armor: Scale mail        |    36 |   103 |    44 ||   183
Dodge: Dodged            |    18 |    74 |    30 ||   122
Block: Shield            |    34 |   133 |    42 ||   209
